 Dungeon Crawl Stone Soup version 0.28.0-53-g5a82cb258f (webtiles) character file.

Game seed: 3502628532437026423

10206 cbfl8 the Spear-Bearer (level 11, -2/130 HPs)
             Began as a Demonspawn Berserker on July 18, 2022.
             Was a Priest of Trog.
             Slain by an efreet
             ... wielding a +2 scimitar of flaming
              (3 damage)
             ... on level 10 of the Dungeon.
             The game lasted 00:15:30 (12280 turns).

cbfl8 the Spear-Bearer (Demonspawn Berserker)      Turns: 12280, Time: 00:15:30

Health: -2/130     AC: 26    Str: 22    XL:     11   Next: 33%
Magic:  11/11      EV:  7    Int:  9    God:    Trog [***...]
Gold:   413        SH:  5    Dex: 12    Spells: 10/10 levels left

rFire   . . .      SeeInvis +   I - +4 glaive (freeze)
rCold   . . .      Faith    .   (shield currently unavailable)
rNeg    . . .      Spirit   .   z - +2 plate armour {Will+}
rPois   .          Reflect  +   j - +2 hat
rElec   .          Harm     .   K - +0 cloak
rCorr   .          Rampage  .   Y - +0 pair of gloves
Will    +....                   S - +2 pair of boots
Stlth   ..........              v - amulet of reflection
HPRegen 0.31/turn               c - ring of see invisible
MPRegen 0.12/turn               l - +4 ring of protection

@: berserking (expiring), lethally poisoned (-2 -> -21), very quick
A: icemail 1, condensation shield, demonic magic 2, weakness stinger 1
a: Renounce Religion, Berserk, Trog's Hand


You were on level 10 of the Dungeon.
You worshipped Trog.
Trog was most pleased with you.
You visited 1 branch of the dungeon, and saw 10 of its levels.

You collected 413 gold pieces.

Inventory:

Hand Weapons
 u - a +0 war axe
 I - a +4 glaive of freezing (weapon)
 T - a +3 trident
Missiles
 t - 3 throwing nets (quivered)
Armour
 b - a +0 animal skin
 i - a +0 ring mail
 j - a +2 hat (worn)
 q - a +0 chain mail
 z - a +2 plate armour of willpower (worn)
 E - a +0 pair of boots
 J - a +0 kite shield
 K - a +0 cloak (worn)
 S - a +2 pair of boots (worn)
 Y - a +0 pair of gloves (worn)
Jewellery
 c - a ring of see invisible (left hand)
 l - a +4 ring of protection (right hand)
 o - a +4 ring of evasion
 s - a ring of positive energy
 v - an amulet of reflection (around neck)
 N - a ring of poison resistance
 V - a +6 ring of strength
Wands
 x - a wand of digging (3)
 F - a wand of iceblast (12)
 H - a wand of acid (5)
 Q - a wand of mindburst (5)
 W - a wand of polymorph (11)
Scrolls
 a - a scroll of enchant armour {unknown}
 d - a scroll of noise {unknown}
 e - 8 scrolls of teleportation
 f - 4 scrolls of blinking {unknown}
 g - a scroll of fear {unknown}
 k - a scroll of torment {unknown}
 m - 2 scrolls of amnesia {unknown}
 p - 2 scrolls of fog {unknown}
 r - 6 scrolls of identify {unknown}
 y - 2 scrolls of summoning {unknown}
 D - a scroll of magic mapping {unknown}
 O - a scroll of acquirement {unknown}
Potions
 h - 7 potions of curing {unknown}
 n - a potion of resistance {unknown}
 w - a potion of attraction {unknown}
 A - 3 potions of degeneration {unknown}
 B - 2 potions of flight {unknown}
 C - 4 potions of heal wounds {unknown}
 G - a potion of cancellation {unknown}
 L - 2 potions of lignification {unknown}
 M - a potion of haste {unknown}
 P - a potion of invisibility
 R - 3 potions of ambrosia {unknown}
 U - a potion of might {unknown}
 X - a potion of berserk rage {unknown}
 Z - a potion of mutation {unknown}


   Skills:
 * Level 8.7 Fighting
 + Level 6.5(8.7) Axes
 + Level 9.1(10.0) Polearms
 + Level 6.1 Armour
 + Level 2.7 Dodging
 + Level 0.9 Stealth
 + Level 4.5 Shields
 * Level 6.5 Evocations


You had 10 spell levels left.
You didn't know any spells.
Your spell library was empty.

Dungeon Overview and Level Annotations

Branches:
Dungeon (10/15)            Temple (0/1) D:6
   Lair: D:8-11         Orc: D:9-12

Altars:
Ashenzari
Cheibriados
Fedhas
Hepliaklqana
Kikubaaqudgha
Trog
Uskayaw
Vehumet
Wu Jian
Xom
Yredelemnul
The Shining One

Shops:
D:4 (   D:5 !


Innate Abilities, Weirdness & Mutations

A meltable icy envelope protects you from harm. (AC +0)
A meltable shield of frost defends you. (SH +0)
Spells you cast may paralyse nearby enemies.
You have a small tail.


Message History

You kill the orc wizard!
Trog accepts your kill.
Trog appreciates your killing of a magic user.
You feel sick.
A boggart comes into view.
You block the kobold's attack.
The boggart shouts!
You slash the efreet! You freeze the efreet.
The efreet is moderately wounded.
You feel sick. The kobold hits you but does no damage.
You are more poisoned.
The orc wizard casts a spell.
The orc wizard flickers and vanishes for a moment.
The efreet gestures at you. The bolt of fire hits you!
* * * LOW HITPOINT WARNING * * *
The kobold hits you but does no damage.
Really walk into that cloud of flame? [Y]es or [N]o only, please.
Really walk into that cloud of flame?
Okay, then.
Okay, then.
You barely miss the efreet.
Your tail-slap misses the efreet.
The efreet is moderately wounded.
You feel very sick. The kobold hits you but does no damage.
You are lethally poisoned!
The efreet hits you but does no damage.
You slash the kobold! You freeze the kobold.
You kill the kobold!
Trog accepts your kill.
* * * LOW HITPOINT WARNING * * *
You feel very sick.
An efreet comes into view.
It is wielding a +3 scimitar of flaming.
The kobold hits you with a +0 dagger.
* * * LOW HITPOINT WARNING * * *
The efreet hits you with a +2 scimitar of flaming!
* * * LOW HITPOINT WARNING * * *
The efreet burns you.
You die...

#... #...#
#.... . #....
.. #....
##...
#....##○gZg.R
#..)K)#.cWo..
###@Ru#
#..R..#
#..##.# ##.#
.# #.# . #
#.# ..## #.#
...
###.###.##.#
##...#...##..


You could see a white ugly thing, 3 efreet, a wraith, a gnoll sergeant, a
centaur, a boggart, an orc wizard (invisible), a centaur warrior zombie and a
kobold.

Vanquished Creatures
  Gastronok (D:8)
  A centaur warrior (D:9)
  Pikel (D:7)
  Maurice (D:9)
  4 wyverns
  A shadow (D:9)
  7 yaks (D:10)
  Eustachio (D:5)
  3 steam dragons
  2 water moccasins
  Duvessa (D:5)
  3 orc warriors
  3 ice beasts
  A black bear (D:6)
  3 ogres
  4 necrophages
  5 centaurs
  2 phantoms (D:6)
  2 kobold brigands
  Blork the orc (D:5)
  2 gnoll sergeants (D:5)
  2 bullfrogs (D:7)
  3 scorpions
  2 water moccasin zombies
  A wyvern zombie (D:7)
  Dowan (D:5)
  A wyvern skeleton (D:7)
  A killer bee (D:7)
  5 wights (D:7)
  2 howler monkeys
  A bullfrog zombie (D:6)
  Crazy Yiuf (D:5)
  2 bullfrog skeletons
  4 hounds
  A jelly (D:6)
  8 iguanas
  4 centaur zombies
  2 gnoll shamans
  6 orc priests
  A centaur skeleton (D:6)
  Ijyb (D:5)
  5 orc wizards
  2 killer bee zombies (D:7)
  19 gnolls
  8 adders
  An ufetubus (D:6)
  3 worms
  34 orcs
  5 ball pythons
  6 endoplasms
  A giant cockroach (D:2)
  16 goblins
  12 hobgoblins
  5 jackals
  8 quokkas
  6 bats
  6 frilled lizards
  12 kobolds
  6 rats
253 creatures vanquished.

Vanquished Creatures (collateral kills)
  Harold (D:9)
  3 killer bees (D:7)
4 creatures vanquished.

Vanquished Creatures (others)
  A kobold (D:10)
  6 plants
7 creatures vanquished.

Grand Total: 264 creatures vanquished

Notes
Turn   | Place    | Note
-------+----------+-------------------------------------------
     0 | D:1      | cbfl8 the Demonspawn Berserker began the quest for the Orb.
     0 | D:1      | Reached XP level 1. HP: 18/18 MP: 1/1
   420 | D:1      | Gained mutation: Spells you cast may paralyse adjacent
                  | enemies. [demonic ancestry]
   420 | D:1      | Reached XP level 2. HP: 23/24 MP: 2/2
  1261 | D:2      | Reached XP level 3. HP: 28/29 MP: 3/3
  1723 | D:2      | Reached ** piety under Trog
  2304 | D:3      | Reached XP level 4. HP: 35/35 MP: 4/4
  2902 | D:3      | Found a faded altar of an unknown god.
  3154 | D:3      | Reached XP level 5. HP: 33/41 MP: 5/5
  3711 | D:4      | Gained mutation: Spells you cast may paralyse nearby
                  | enemies. [demonic ancestry]
  3711 | D:4      | Reached XP level 6. HP: 22/48 MP: 6/6
  4038 | D:4      | Reached *** piety under Trog
  4094 | D:4      | Reached skill level 5 in Axes
  4633 | D:4      | Found a broken altar of Ashenzari.
  4797 | D:4      | Gained mutation: A meltable shield of frost defends you.
                  | (SH +0) [demonic ancestry]
  4797 | D:4      | Reached XP level 7. HP: 53/53 MP: 7/7
  5017 | D:4      | Found Jagext's Weapon Boutique.
  5088 | D:5      | Entered Level 5 of the Dungeon
  5114 | D:5      | Reached skill level 1 in Polearms
  5150 | D:5      | Reached skill level 1 in Evocations
  5327 | D:5      | Reached skill level 2 in Polearms
  5473 | D:5      | Reached skill level 1 in Shields
  5473 | D:5      | Reached XP level 8. HP: 61/61 MP: 8/8
  5516 | D:5      | Noticed Ijyb
  5521 | D:5      | Killed Ijyb
  5522 | D:5      | Reached skill level 3 in Polearms
  5583 | D:5      | Found Zikocot's Distillery.
  5629 | D:5      | Noticed Duvessa
  5630 | D:5      | Noticed Dowan
  5631 | D:5      | Reached **** piety under Trog
  5637 | D:5      | Killed Dowan
  5638 | D:5      | Reached skill level 5 in Fighting
  5648 | D:5      | Killed Duvessa
  5940 | D:5      | Noticed Blork the orc
  5941 | D:5      | Noticed Eustachio
  5949 | D:5      | Killed Eustachio
  6417 | D:5      | Killed Blork the orc
  6602 | D:5      | Reached skill level 4 in Polearms
  6764 | D:5      | Found a runed translucent door.
  6765 | D:5      | Noticed Crazy Yiuf
  6865 | D:5      | Killed Crazy Yiuf
  7029 | D:6      | Gained mutation: A meltable icy envelope protects you from
                  | harm. (AC +0) [demonic ancestry]
  7029 | D:6      | Reached XP level 9. HP: 66/69 MP: 9/9
  7580 | D:6      | Found a staircase to the Ecumenical Temple.
  7623 | D:6      | Reached skill level 5 in Polearms
  7652 | D:6      | Reached skill level 5 in Armour
  8023 | D:7      | Reached skill level 6 in Polearms
  8217 | D:7      | Found a blossoming altar of Fedhas.
  8219 | D:7      | Found a shimmering altar of Xom.
  8256 | D:7      | Found a hide-covered altar of Uskayaw.
  8258 | D:7      | Found an ornate altar of the Wu Jian Council.
  8293 | D:7      | Found a hazy altar of Hepliaklqana.
  8302 | D:7      | Found a snail-covered altar of Cheibriados.
  8303 | D:7      | Found an ancient bone altar of Kikubaaqudgha.
  8386 | D:7      | Noticed Pikel
  8396 | D:7      | Killed Pikel
  8397 | D:7      | Reached skill level 5 in Evocations
  8397 | D:7      | Reached XP level 10. HP: 77/77 MP: 10/10
  8562 | D:7      | Reached skill level 7 in Polearms
  8643 | D:7      | Found a basalt altar of Yredelemnul.
  8841 | D:8      | Noticed Gastronok
 10164 | D:8      | Killed Gastronok
 10270 | D:8      | Reached skill level 8 in Polearms
 10825 | D:9      | Noticed Harold
 10833 | D:9      | Killed Harold
 10834 | D:9      | Gained mutation: You have a small tail. [demonic ancestry]
 10834 | D:9      | Reached XP level 11. HP: 86/86 MP: 11/11
 11610 | D:9      | Noticed a centaur warrior
 11620 | D:9      | Killed a centaur warrior
 11687 | D:9      | Noticed Maurice
 11698 | D:9      | Killed Maurice
 11747 | D:9      | Found a radiant altar of Vehumet.
 11749 | D:9      | Found a bloodstained altar of Trog.
 11897 | D:10     | Entered Level 10 of the Dungeon
 12264 | D:10     | Reached skill level 9 in Polearms
 12270 | D:10     | Noticed a white ugly thing
 12280 | D:10     | HP: 1/130 [efreet/+2 scimitar of flaming (13)]
 12280 | D:10     | Slain by an efreet

Illustrated notes

Levels and vault maps discovered:
D:1:      dpeg_arrival_refuge, layout_basic
D:2:      layout_loops_ring, serial_forest, infiniplex_forest_lined_2,
          infiniplex_forest_clump_long, infiniplex_forest_clump_double,
          infiniplex_forest_lined_room_2, infiniplex_forest_lined_room_,
          infiniplex_forest_end_1, infiniplex_forest_straight_2,
          infiniplex_forest_lined_1, infiniplex_forest_straight_2
D:3:      layout_loops_corners, hellmonk_ecumenical_altar_blasted,
          palyth_stone_intersect, kennysheep_boxes
D:4:      corexii_shantytown, layout_cave_pools, lemuel_doored_altar,
          serial_shops, nicolae_shop_bloodbath_and_beyond
D:5:      layout_cave_pools, serial_shops, nicolae_shop_stone, sword_in_stone,
          uniq_duvessa, uniq_ijyb, uniq_crazy_yiuf_cottage
D:6:      layout_cave_pools, minmay_temple_entry_enclosed_plants,
          minmay_starry_boxes
D:7:      layout_rooms, kennysheep_mini_moat,
          nicolae_overflow_hallway_of_the_gods, serial_undead, serial_undead_b,
          serial_undead_b, serial_undead_a, serial_undead_b, serial_undead_d,
          serial_undead_d, uniq_pikel
D:8:      hellmonk_warped_wall, layout_basic, wad_floor_pattern_untrapped,
          uniq_gastronok
D:9:      layout_long_grid, nicolae_overflow_hidden_temple,
          kennysheep_another_room, uniq_maurice, uniq_harold
D:10:     minmay_bloctagon, layout_rooms, dk_noncrumbling_4, grunt_ministairs_9,
          hellmonk_guarded_unrand_dark_maul, uniq_erica

Skill      XL: |  1  2  3  4  5  6  7  8  9 10 11 |
---------------+----------------------------------+-----
Axes           | 3 4 5 6 |  6.5
Dodging        | 2 |  2.7
Armour         | 2 3 4 5 6 |  6.1
Fighting       | 4 5 6 8 |  8.7
Polearms       | 2 4 6 8 9 |  9.1
Evocations     | 1 3 5 6 |  6.5
Shields        | 1 3 4 |  4.5
Stealth        | |  0.9

Action                   |  1- 3 |  4- 6 |  7- 9 | 10-12 || total
-------------------------+-------+-------+-------+-------++-------
Melee: Hand axe          |   160 |   117 |       |       ||   277
       Punch             |     1 |       |       |       ||     1
       War axe           |       |    63 |    50 |       ||   113
       Trident           |       |    10 |   146 |       ||   156
       Glaive            |       |       |   188 |   173 ||   361
       Tailslap          |       |       |       |     6 ||     6
Invok: Berserk           |     1 |     4 |     8 |     3 ||    16
       Trog's Hand       |       |     1 |     1 |     3 ||     5
       Brothers in Arms  |       |       |     1 |     2 ||     3
Evoke: Wand              |       |       |     2 |       ||     2
  Use: Scroll            |       |       |     1 |       ||     1
Armor: Animal skin       |     6 |       |       |       ||     6
       Ring mail         |    60 |       |       |       ||    60
       Chain mail        |       |   106 |       |       ||   106
       Plate armour      |       |     5 |   241 |   201 ||   447
Dodge: Dodged            |   116 |    72 |   131 |    98 ||   417
Block: Other             |       |    10 |   170 |   129 ||   309
       Reflection        |       |     2 |       |    10 ||    12
